 Dungeon Crawl Stone Soup version 0.17.1-2-g5865329 (webtiles) character file.

91 ater218 the Sneak (level 4, -8/33 HPs)
             Began as a Vampire Assassin on Jan 12, 2016.
             Was an Initiate of Dithmenos.
             Killed by nerve-wracking pain
             ... invoked by an orc priest
              (13 damage)
             ... on level 3 of the Dungeon.
             The game lasted 00:14:24 (2134 turns).

ater218 the Sneak (Vampire Assassin)                Turns: 2134, Time: 00:14:24

Health: -8/33      AC:  4    Str: 10    XL:     4   Next: 34%
Magic:  4/4        EV: 12    Int: 13    God:    Dithmenos [......]
Gold:   165        SH:  0    Dex: 16    Spells: 0 memorised, 3 levels left

rFire  . . .     SeeInvis +     a - +2 dagger
rCold  . . .     Clarity  .     c - +0 robe
rNeg   + . .     SustAt   .     (no shield)
rPois  .         Gourm    .     (no helmet)
rElec  .         Spirit   .     d - +0 cloak
rCorr  .         Warding  .     (no gloves)
rMut   .         Stasis   .     i - +0 pair of boots
MR     .....                    (no amulet)
Stlth  ++++......               (no ring)
                                (no ring)

@: not resistant to hostile enchantments, stealthy
A: fangs 3, see invisible, unbreathing
a: Bat Form, Renounce Religion


You were on level 3 of the Dungeon.
You worshipped Dithmenos.
Dithmenos was noncommittal.
You were not thirsty.

You visited 1 branch of the dungeon, and saw 3 of its levels.

You collected 165 gold pieces.

Inventory:

Hand Weapons
 a - a +2 dagger (weapon)
Armour
 c - a +0 robe (worn)
 d - a +0 cloak (worn)
 i - a +0 pair of boots (worn)
Jewellery
 e - an uncursed ring of protection from magic {unknown}
 o - an uncursed amulet of guardian spirit {unknown}
Scrolls
 h - 4 scrolls of identify {unknown}
 j - a scroll of random uselessness {unknown}
 k - a scroll of fear {unknown}
 m - a scroll of magic mapping {unknown}
 p - a scroll of enchant weapon {unknown}
Potions
 f - a potion of flight {unknown}
 g - a potion of blood
 l - a potion of might {unknown}
 n - 2 potions of haste {unknown}
 q - a potion of degeneration {unknown}
 r - a potion of curing {unknown}
Books
 s - a book of the Dragon

   Spells                             Type                      Level
   a - Flame Tongue                   Conjuration/Fire             1
   b - Cause Fear                     Hexes                        4
   c - Bolt of Fire                   Conjuration/Fire             6
   d - Dragon Form                    Transmutation                7
   e - Dragon's Call                  Summoning                    9


   Skills:
 + Level 1.9 Fighting
 * Level 3.1 Short Blades
 - Level 1.5 Throwing
 + Level 1.7 Dodging
 * Level 7.9 Stealth


You had 3 spell levels left.
You didn't know any spells.

Dungeon Overview and Level Annotations

Branches:
Dungeon (3/15)

Altars:
Dithmenos
Makhleb
Sif Muna
Xom


Innate Abilities, Weirdness & Mutations

You have razor-sharp teeth.
You have supernaturally acute eyesight.
You can survive without breathing.


Message History

The orc priest barely misses you. The orc closely misses you.
The orc closely misses you.
You closely miss the orc priest.
The orc priest is lightly wounded.
The orc priest hits you with a dagger.
* * * LOW HITPOINT WARNING * * *
The orc closely misses you.
You hit the orc priest but do no damage.
The orc priest is lightly wounded.
The orc barely misses you. The orc priest hits you with a dagger.
* * * LOW HITPOINT WARNING * * *
You barely miss the orc priest.
The orc priest is lightly wounded.
The orc barely misses you. The orc hits you with a flail.
* * * LOW HITPOINT WARNING * * *
You hit the orc priest. Your bite misses the orc priest.
The orc priest is moderately wounded.
The orc priest invokes the aid of Beogh against you.
Pain shoots through your body!
You die...

#..........###...............
#......#.### #.##########....
#........#####....... #....
#....#.#.....#....... #....
##.#.#...###.#...... #....
#.#.#...#...#...... #....
#+#.#...#.#.(.# #....
........##o####... #....
.........@o....... #....
........###o)...... ####.
........# #........ #. ....
#........ .. #........ ..
#........ . #........
#........


You could see an orc priest and 2 orcs.

Vanquished Creatures
  4 adders (D:2)
  A worm (D:2)
  2 giant geckos (D:1)
  2 orcs (D:3)
  A ball python (D:1)
  5 bats
  2 giant cockroaches
  6 goblins
  6 hobgoblins
  10 kobolds
  3 giant newts
  2 rats (D:2)
44 creatures vanquished.

Notes
Turn   | Place    | Note
--------------------------------------------------------------
     0 | D:1      | ater218 the Vampire Assassin began the quest for the Orb.
     0 | D:1      | Reached XP level 1. HP: 16/16 MP: 1/1
    13 | D:1      | Reached skill level 6 in Stealth
   313 | D:1      | Reached XP level 2. HP: 17/22 MP: 2/2
  1213 | D:2      | Reached skill level 7 in Stealth
  1213 | D:2      | Reached XP level 3. HP: 24/27 MP: 3/3
  1263 | D:2      | Found a burning altar of Makhleb.
  1263 | D:2      | Found a shimmering altar of Xom.
  1608 | D:2      | Found a shadowy altar of Dithmenos.
  1620 | D:2      | Became a worshipper of Dithmenos the Shadowed
  1637 | D:2      | Found a deep blue altar of Sif Muna.
  1653 | D:2      | Reached XP level 4. HP: 33/33 MP: 4/4
  2134 | D:3      | Killed from afar by an orc priest

Action                   |  1- 3 |  4- 6 || total
-------------------------+-------+-------++-------
Melee: Dagger            |   112 |    25 ||   137
  Use: Scroll            |       |     1 ||     1
 Stab: Sleeping          |    14 |     2 ||    16
  Eat: Corpse            |     1 |     2 ||     3
